 Dungeon Crawl Stone Soup version 0.21.1-1-g345015fe64 (webtiles) character file.

469 NullDivider the Charlatan (level 6, -6/32 HPs)
             Began as a Spriggan Artificer on May 9, 2018.
             Killed by divine providence
             ... invoked by an orc priest
              (14 damage)
             ... on level 5 of the Dungeon.
             The game lasted 00:16:51 (6458 turns).

NullDivider the Charlatan (Spriggan Artificer)      Turns: 6458, Time: 00:16:53

Health: -6/32      AC:  3    Str:  8    XL:     6   Next: 82%
Magic:  11/11      EV: 21    Int: 12    God:
Gold:   224        SH:  0    Dex: 19    Spells: 5/5 levels left

rFire    . . .     SeeInvis +   a - +0 short sword
rCold    . . .     Gourm    .   (shield restricted)
rNeg     . . .     Faith    .   b - +0 robe
rPois    .         Spirit   .   (helmet restricted)
rElec    .         Reflect  .   v - +0 cloak
rCorr    .         Harm     .   (gloves unavailable)
MR       +....                  (boots unavailable)
Stlth    +++.......             (no amulet)
HPRegen  0.10/turn              j - ring of flight
MPRegen  0.12/turn              (no ring)

@: very quick
A: very small, unfitting armour, see invisible, herbivore, speed 3, slow
metabolism 2
a: Evoke Flight


You were on level 5 of the Dungeon.
You were very hungry.

You visited 1 branch of the dungeon, and saw 5 of its levels.

You collected 224 gold pieces.

Inventory:

Hand Weapons
 a - a +0 short sword (weapon)
 q - a +0 hunting sling
Missiles
 o - 38 sling bullets
 r - 79 stones (quivered)
Armour
 b - a +0 robe (worn)
 t - a scarf of cloud immunity
 v - a +0 cloak (worn)
Jewellery
 j - a ring of flight (left hand)
Wands
 c - a wand of flame (45)
 d - a wand of enslavement (13)
 e - a wand of random effects (3)
Scrolls
 g - 2 scrolls of blinking
 k - a scroll of immolation {unknown}
 n - a scroll of fog
 s - 2 scrolls of identify
 u - 2 scrolls of fear {unknown}
Potions
 h - 2 potions of flight {unknown}
 i - a potion of degeneration {unknown}
 m - 2 potions of magic
 p - 2 potions of brilliance {unknown}
Comestibles
 f - 3 rations


   Skills:
 * Level 3.1 Fighting
 + Level 4.1 Short Blades
 + Level 4.9 Dodging
 + Level 4.3 Stealth
 + Level 5.4 Evocations


You had 5 spell levels left.
You didn't know any spells.

Dungeon Overview and Level Annotations

Branches:
Dungeon (5/15)
 Temple: D:4-7

Altars:

Shops:
D:5 *

Annotations:
D:3 DildoBatman's ghost, novice FoWz


Innate Abilities, Weirdness & Mutations

You are very small and have problems with some larger weapons.
You are too small for most types of armour.
You have supernaturally acute eyesight. (SInv)
You are a herbivore.
You cover ground extremely quickly.
You need consume almost no food.


Message History

r - Retreat! s - Stop attacking. g - Guard the area. f - Follow me.
Anything else - Cancel.
Gang up on whom?
Press: ? - help, Dir - move target cursor, f - orc, p - orc wizard
Aim: an orc, wielding a flail (severely wounded)
Okay, then.
What are your orders? t - Shout!
Orders for allies: a - Attack new target. p - Attack previous target. r - Retreat! s - Stop attacking. g - Guard the area. f - Follow me.
Anything else - Cancel.
Guard this area!
Your orc wizard points at the orc and mumbles some strange words.
The magic dart hits the orc.
The orc dies!
The orc priest invokes the aid of Beogh against you.
Beogh smites you!
You die...

.....#...o.#
.....#.....#
.....'.....#
.....#..o..#
.....##.###....
........o# .##.
.....##o## #
.... #o# ...
#@# ##
#.........
##.###.### ..#
... ...# ...# #
....# . #


You could see an orc priest, 2 orcs and a friendly orc wizard (unaware).

Vanquished Creatures
  Grinder (D:4)
  A jelly (D:5)
  An orc priest (D:3)
  Crazy Yiuf (D:2)
  A centaur skeleton (D:4)
  An iguana (D:4)
  4 adders
  5 worms
  4 dart slugs
  5 leopard geckos
  9 orcs
  2 giant cockroaches (D:3)
  6 hobgoblins
  6 kobolds
  A ball python (D:1)
  6 bats (D:1)
  2 frilled lizards
  10 goblins
  A quokka skeleton (D:5)
  8 rats
75 creatures vanquished.

Vanquished Creatures (collateral kills)
  2 orcs (D:5)
2 creatures vanquished.

Vanquished Creatures (others)
  An orc priest (D:5)
1 creature vanquished.

Grand Total: 78 creatures vanquished

Notes
Turn   | Place    | Note
-------+----------+-------------------------------------------
     0 | D:1      | NullDivider the Spriggan Artificer began the quest for the Orb.
     0 | D:1      | Reached XP level 1. HP: 9/9 MP: 4/4
    42 | D:1      | Reached skill level 1 in Fighting
   239 | D:1      | Reached XP level 2. HP: 13/14 MP: 6/6
   914 | D:1      | Reached XP level 3. HP: 13/18 MP: 7/7
  1527 | D:2      | Found a runed door.
  1581 | D:2      | Reached XP level 4. HP: 19/22 MP: 8/8
  2257 | D:2      | Noticed Crazy Yiuf
  2302 | D:2      | Killed Crazy Yiuf
  3006 | D:3      | Reached XP level 5. HP: 11/26 MP: 9/9
  3341 | D:3      | Noticed DildoBatman's ghost (novice FoWz)
  4886 | D:4      | Noticed Grinder
  4909 | D:4      | Killed Grinder
  4909 | D:4      | Reached skill level 5 in Evocations
  4909 | D:4      | Reached XP level 6. HP: 32/32 MP: 10/10
  6129 | D:5      | Entered Level 5 of the Dungeon
  6172 | D:5      | Found Cypoz's Assorted Antiques.
  6458 | D:5      | Killed from afar by an orc priest

Skill      XL: |  1  2  3  4  5  6 |
---------------+-------------------+-----
Fighting       | 1 2 3 |  3.1
Stealth        | 2 3 4 |  4.3
Short Blades   | 2 3 4 |  4.1
Dodging        | 4 |  4.9
Evocations     | 5 |  5.4

Action                   |  1- 3 |  4- 6 || total
-------------------------+-------+-------++-------
Melee: Short sword       |   141 |   206 ||   347
Evoke: Wand              |     3 |    11 ||    14
  Use: Scroll            |       |     4 ||     4
       Potion            |       |     3 ||     3
 Stab: Sleeping          |     9 |    13 ||    22
       Confused          |     1 |     1 ||     2
  Eat: Ration            |       |     1 ||     1
Armor: Robe              |    12 |    14 ||    26
Dodge: Dodged            |   108 |   119 ||   227
